 Dungeon Crawl Stone Soup version 0.31.0-2-g5a2aebc5c2 (webtiles) character file.

Game seed: 16817203964231000927

9 booth the Trooper (level 2, 0/24 HPs)
             Began as a Demonspawn Monk on Jan 20, 2024.
             Slain by a gnoll
             ... wielding a +0 spear
              (6 damage)
             ... on level 1 of the Dungeon.
             The game lasted 00:00:58 (183 turns).

booth the Trooper (Demonspawn Monk)                  Turns: 183, Time: 00:00:59

Health: 0/24       AC:  2    Str: 11    XL:     2   Next: 6%
Magic:  2/2        EV: 13    Int: 10    God:
Gold:   35         SH:  0    Dex: 15    Spells: 1/1 levels left

rFire   . . .        a - +0 hand axe
rCold   . . .        d - orb {light}
rNeg    . . .        b - +0 robe
rPois   +            (no helmet)
rElec   .            (no cloak)
rCorr   .            (no gloves)
SInv    .            (no boots)
Will    .....        (no amulet)
Stlth   +            f - ring of poison resistance
HPRegen 0.24/turn    (no ring)
MPRegen 0.08/turn

%: no passive effects
@: glowing
A: spiny 1
a: no special abilities


You were on level 1 of the Dungeon.
You visited 1 branch of the dungeon, and saw 1 of its levels.

You collected 35 gold pieces.

Inventory:

Hand Weapons
 a - a +0 hand axe (weapon)
Armour
 b - a +0 robe (worn)
 d - an orb of light (worn)
Jewellery
 f - a ring of poison resistance (left hand)
Scrolls
 g - a scroll of identify {unknown}
Potions
 c - a potion of ambrosia
 e - a potion of curing {unknown}


   Skills:
 + Level 3.2 Fighting
 * Level 2.9 Axes
 - Level 2.9 Dodging


You had one spell level left.
You didn't know any spells.
Your spell library contained the following spells:

 Spells                   Type           Power      Damage    Failure   Level
 Ensorcelled Hibernation  Hex/Ice        0%         N/A       50%         2
 Fugue of the Fallen      Necr           0%         N/A       75%         3
 Passwall                 Erth           0%         N/A       75%         3
 Swiftness                Air            0%         N/A       75%         3
 Anguish                  Hex/Necr       0%         N/A       98%         4


Dungeon Overview and Level Annotations

Branches:
Dungeon (1/15)

Altars:


Innate Abilities, Weirdness & Mutations

You are partially covered in sharp spines.


Message History

The endoplasm quivers.
Found a stone staircase leading down.
You hit the giant cockroach but do no damage.
The giant cockroach closely misses you.
You hit the giant cockroach but do no damage.
You hit the endoplasm. The endoplasm closely misses you.
The giant cockroach bites you. The endoplasm freezes you.
You are frozen.
You hit the giant cockroach.
You kill the giant cockroach!
You hit the endoplasm.
You kill the endoplasm!
You have reached level 2!
Your demonic ancestry asserts itself...
Sharp spines emerge from parts of your body.
You pick up a book of Dreams and begin reading...
You add the spells Fugue of the Fallen and Anguish to your library.
A ball python comes into view.
The ball python hisses angrily.
You slash the ball python!
You kill the ball python!
A gnoll comes into view. It is wielding a +0 spear.
The gnoll shouts!
The gnoll attacks as it pursues you! The gnoll misses you.
The gnoll closely misses you.
You hit the gnoll.
The gnoll is moderately wounded.
The gnoll hits you with a +0 spear!
You hit the gnoll.
The gnoll is heavily wounded.
The gnoll hits you with a +0 spear.
You hit the gnoll.
The gnoll is heavily wounded.
The gnoll hits you with a +0 spear.
* * * LOW HITPOINT WARNING * * *
You hit the gnoll.
The gnoll is severely wounded.
The gnoll hits you with a +0 spear.
You die...

# ################# #####
.......g@....#..#####..#.
##########....#..#.#..#..
#......#.#.#.#...
#......#.....#...
##......#...#....
#.#....[#...#....
#..##...).......#
##...##..#.#..##.
###....#.#.#....


You could see a gnoll.

Vanquished Creatures
  An endoplasm (D:1)
  A giant cockroach (D:1)
  3 jackals (D:1)
  2 ball pythons (D:1)
  A rat (D:1)
8 creatures vanquished.

Notes
Turn   | Place    | Note
-------+----------+-------------------------------------------
     0 | D:1      | booth the Demonspawn Monk began the quest for the Orb.
     0 | D:1      | Reached XP level 1. HP: 18/18 MP: 1/1
   130 | D:1      | Gained mutation: You are partially covered in sharp spines.
                  | [demonic ancestry]
   130 | D:1      | Reached XP level 2. HP: 22/24 MP: 2/2
   183 | D:1      | Slain by a gnoll

Illustrated notes

Levels and vault maps discovered:
D:1:      spicycebolla_arrival_xxxplode, layout_basic

Action                     || total
---------------------------++-------
  Melee: Hand axe          ||    17
 Armour: Robe              ||    11
  Dodge: Dodged            ||    18
